Map: World of Sleepers LE

Players

Adjest - Winner!

  • Race: Protoss Protoss
  • League: Master
  • Spawn Location: 1:00

Mez

  • Race: Terran Terran
  • League: Master
  • Spawn Location: 7:00

VOD

Have the link to the VOD?

Description

Time

  • Played on: Aug. 22, 2019, 6:36 p.m.
  • Length: 7:01
Show
View Real Time Build Order
Export as new Build Order

Adjest Protoss - Winner!

Build Orders: 1 Gate Expand, Dark Templar Rush 

Get SALT Encoding   

  12  0:00  Probe  
  13  0:13  Probe  
  14  0:17  Pylon  
  14  0:24  Probe  
  15  0:32  Probe  
  15  0:40  Gateway, Probe  
  17  0:51  Probe  
  17  0:55  Assimilator  
  18  1:03  Probe  
  19  1:15  Probe  
  20  1:29  Nexus  
  20  1:35  Cybernetics Core  
  20  1:37  Probe  
  21  1:43  Assimilator  
  21  1:49  Probe  
  21  1:53  Pylon  
  23  2:01  Probe, Stalker  
  23  2:12  Warp Gate  
  23  2:13  Probe  
  26  2:18  Pylon  
  26  2:26  Probe  
  27  2:31  Stalker  
  29  2:38  Probe  
  29  2:41  Probe  
  30  2:49  Probe  
  30  2:50  Probe  
  30  2:51  Twilight Council  
  33  2:58  Probe  
  33  3:02  Probe  
  35  3:06  Probe  
  36  3:13  Gateway  
  36  3:14  Probe  
  36  3:15  Probe  
  38  3:24  Probe  
  38  3:26  Probe  
  40  3:27  Dark Shrine  
  40  3:32  Probe  
  40  3:33  Assimilator  
  40  3:38  Probe  
  40  3:40  Probe, Charge  
  42  3:47  Assimilator  
  43  3:51  Probe x2  
  43  3:53  Gateway  
  45  4:01  Stalker  
  47  4:03  Probe x2  
  47  4:05  Pylon  
  49  4:15  Probe x2  
  51  4:21  Shadow Stride  
  51  4:28  Gateway  
  51  4:29  Gateway  
  51  4:30  Gateway  
  51  4:33  Gateway  
  51  4:38  Gateway  
  51  4:42  Dark Templar  
  51  4:44  Dark Templar  
  55  4:55  Pylon  
  55  4:57  Pylon  
  55  5:10  Pylon  
  53  5:16  Dark Templar x2  
  57  5:27  Dark Templar x3  
  61  5:28  Zealot  
  61  5:32  Zealot  
  65  5:39  Zealot  
  67  5:46  Dark Templar  
  67  5:49  Dark Templar  
  71  5:51  Zealot  
  71  5:53  Dark Templar  
  71  5:54  Zealot  
  77  5:57  Pylon  
  77  5:59  Pylon, Zealot  
  77  6:00  Zealot x2  
  83  6:11  Dark Templar  
  83  6:17  Dark Templar  
  83  6:18  Zealot x2  
  91  6:20  Zealot  
  91  6:22  Zealot  
  85  6:33  Zealot x2  
  89  6:43  Zealot x4  
  97  6:57  Zealot x2  
Show
View Real Time Build Order
Export as new Build Order

Mez Terran 

Build Orders: Reaper Expand 

Get SALT Encoding   

  12  0:00  SCV  
  13  0:12  SCV  
  14  0:17  Supply Depot  
  14  0:25  SCV  
  15  0:39  SCV  
  15  0:40  Barracks  
  16  0:44  Refinery  
  16  0:51  SCV  
  17  1:03  SCV  
  18  1:15  SCV  
  19  1:29  Orbital Command, Reaper  
  20  1:43  Command Center  
  20  1:55  SCV  
  20  1:57  Bunker  
  21  2:01  Marine  
  21  2:08  SCV  
  23  2:14  Supply Depot  
  23  2:19  Barracks Reactor  
  23  2:36  SCV  
  24  2:40  Command Center  
  24  2:48  Factory, SCV  
  25  2:56  Orbital Command  
  25  3:00  SCV  
  25  3:01  Marine x2  
  28  3:05  Refinery  
  28  3:12  SCV  
  29  3:19  Marine x2  
  31  3:24  SCV  
  32  3:28  SCV  
  32  3:32  Widow Mine  
  32  3:33  Starport  
  35  3:36  SCV  
  35  3:37  Marine  
  35  3:38  Marine  
  38  3:47  SCV  
  38  3:48  SCV  
  40  3:53  Orbital Command  
  40  3:56  Refinery  
  40  3:58  Factory Tech Lab  
  40  3:59  SCV  
  40  4:00  SCV  
  40  4:02  Marine  
  43  4:04  Marine  
  44  4:11  Starport Tech Lab, SCV  
  44  4:15  Supply Depot  
  46  4:17  SCV  
  46  4:19  SCV  
  46  4:23  Siege Tank, Marine x2  
  46  4:24  SCV  
  53  4:29  SCV  
  54  4:31  SCV  
  54  4:35  Raven  
  54  4:36  SCV  
  58  4:41  Supply Depot  
  58  4:43  Marine x2  
  58  4:45  SCV x2  
  62  4:51  Barracks  
  62  4:52  Barracks  
  62  5:00  Bunker  
  62  5:04  Supply Depot, SCV  
  62  5:05  SCV  
  62  5:16  SCV  
  62  5:17  SCV x2  
  61  5:32  Marine x2  
  61  5:33  Refinery, Siege Tank  
  66  5:36  SCV x2  
  66  5:37  Supply Depot, SCV  
  69  5:43  Starport Reactor  
  69  5:45  Engineering Bay x2  
  69  5:48  SCV  
  69  5:49  SCV  
  71  5:50  Marine  
  72  6:00  Supply Depot  
  72  6:21  Supply Depot, Factory Reactor, Marine x2, Marauder  
  72  6:22  Supply Depot  
  72  6:25  Barracks  
  76  6:26  Barracks  
Tags
 
Add a new tag
Caveats
  • Supply blocks, unpowered buildings, or Contaminate may cause inaccurate times.
  • Supply counts are checked every 10 seconds.